 Dungeon Sprint DCSS version 0.31.0-9-g3a7656b989 (webtiles) character file.

Game seed: 7133346284171659632

20450 Heoruswealwe the Phalangite (level 12, -9/130 HPs)
             Began as a Minotaur Fighter on Jan 26, 2024.
             Was an Initiate of Gozag.
             Killed by mirror damage (30 damage)
             ... in the Dungeon (Sprint IX: "|||||||||||||||||||||||||||||").
             The game lasted 00:22:11 (2439 turns).

Heoruswealwe the Phalangite (Minotaur Fighter)      Turns: 2439, Time: 00:22:11

Health: -9/130     AC: 32    Str: 26    XL:     12   Next: 45%
Magic:  11/11      EV:  9    Int:  5    God:    Gozag
Gold:   1307       SH:  0    Dex: 10    Spells: 11/11 levels left

rFire   . . .        b - +2 halberd (protect)
rCold   . . .        (shield currently unavailable)
rNeg    . . .        c - +0 storm dragon scales
rPois   +            (helmet restricted)
rElec   +            (no cloak)
rCorr   .            f - +1 pair of gloves
SInv    .            e - +0 pair of boots
Will    .....        i - amulet of regeneration Stlth
                     k - ring of poison resistance
HPRegen 1.21/turn    j - +2 ring of protection
MPRegen 0.12/turn

%: no teleportation
@: mighty, gold aura, under a protective aura, hasted, very quick
A: horns 2, retaliatory headbutt
a: Renounce Religion, Potion Petition, Call Merchant, Bribe Branch


You were in the Dungeon.
You worshipped Gozag.
Gozag was most pleased with you.
You visited 1 branch You collected 9276 gold pieces.
You spent 5621 gold pieces at shops.
You paid 2348 gold pieces to Gozag.

Inventory:

Hand Weapons
 a - a +0 trident
 b - a +2 halberd of protection (weapon)
 m - the +9 sword of Power {lifebolt}
   (You bought it in a shop in the Dungeon)
 n - the +8 longbow "Zephyr" {speed, Dex+3 SInv}
   (You bought it in a shop in the Dungeon)

   Dex+3:     It affects your dexterity (+3).
   SInv:      It lets you see invisible.
Armour
 c - +0 storm dragon scales (worn)
 d - a +1 tower shield of protection
 e - a +0 pair of boots (worn)
 f - a +1 pair of gloves (worn)
 l - the +7 Kryia's mail coat {PotionHeal*2 rC+}
   (You bought it in a shop in the Dungeon)

   PotionHeal*2: Potions heal its wearer twice as much.
   rC+:       It protects you from cold.
Jewellery
 i - an amulet of regeneration (around neck)
 j - a +2 ring of protection (right hand)
 k - a ring of poison resistance (left hand)
Wands
 h - a wand of acid (10)
 s - a wand of flame (7)
Scrolls
 o - 3 scrolls of blinking
 q - 2 scrolls of enchant armour
 r - 2 scrolls of identify
 v - 2 scrolls of enchant weapon
Potions
 p - 2 potions of mutation
 t - 2 potions of berserk rage
 u - 2 potions of resistance
 w - a potion of curing


   Skills:
 + Level 19.6 Fighting
 * Level 26.2 Polearms
 + Level 19.6 Armour
 - Level 3.6 Shields


You had 11 spell levels left.
You didn't know any spells.
Your spell library contained the following spells:

 Spells                   Type           Power      Damage    Failure   Level
 Lesser Beckoning         Tloc           0%         N/A       94%         2
 Gell's Gravitas          Tloc           0%         N/A       99%         3
 Teleport Other           Tloc           0%         N/A       99%         3


Dungeon Overview and Level Annotations

Branches:
Dungeon (1/1)

Altars:
Cheibriados
Dithmenos
Elyvilon
Fedhas
Gozag
Hepliaklqana
Kikubaaqudgha
Makhleb
Nemelex Xobeh
Okawaru
Qazlal
Ru
Sif Muna
Trog
Uskayaw
Vehumet
Wu Jian
Xom
Yredelemnul
Zin
The Shining One
Jiyva
Lugonu

Shops:
D (:[=*((


Innate Abilities, Weirdness & Mutations

You have a pair of horns on your head.
You reflexively headbutt those who attack you in melee.


Message History

The frost giant is no longer distracted by gold.
You headbutt the frost giant!
The frost giant is heavily wounded.
You hit the frost giant.
The frost giant is heavily wounded.
You slice the frost giant!! You headbutt the frost giant!
The frost giant is almost dead.
The death knight hits you but does no damage.
The frost giant casts a spell at you. The bolt of cold misses you.
You hit the frost giant but do no damage.
The frost giant is almost dead.
The polar bear is distracted by your dazzling golden aura.
The polar bear growls angrily.
You slash the frost giant!
You kill the frost giant!
The basilisk is no longer distracted by gold.
The manticore is no longer distracted by gold.
The death knight hits you but does no damage.
The manticore is distracted by your dazzling golden aura.
You feel better.
The death knight hits you with a +4 glaive!
* * * LOW HITPOINT WARNING * * *
There is an open door to the Dungeon, spattered with blood here.
You closely miss the death knight. You slash the death knight!
The death knight is lightly wounded.
The death knight reflects your damage back at you!
* * * LOW HITPOINT WARNING * * *
The death knight completely misses you.
The polar bear is distracted by your dazzling golden aura.
You closely miss the death knight.
The death knight is lightly wounded.
The polar bear is no longer distracted by gold.
You perforate the death knight like a sieve!!!
Your headbutt misses the death knight.
The death knight is severely wounded.
The death knight reflects your damage back at you!
You die...
Your body crumbles into a pile of gold.

,*,*,*,*,*,*,*,▓.▓.▓.▓.▓.▓.▓_▓
+*,*,*,*,*,*+*,▓.▓.▓.▓.▓.▓.▓_▓
,*,*,*,*+*,*,▓.▓.▓.▓.▓.▓.▓.▓_▓
,*,*,*,*,*,*,▓.▓.▓.▓.▓.▓.▓.▓_▓
,*,*,*,*,*,*,▓.▓?▓.▓.▓.▓.▓.▓_▓
,*,*,*,*,*,*,▓.▓?▓.▓.▓.▓.▓.▓_▓
,*,*,*,*,*,*,▓.▓.▓.▓'▓.▓.▓.▓_▓
,*,*,*,*,*,*,▓.▓.▓.▓[▓.▓'▓.▓'▓
,*,*,*,*,*,*,▓.▓@▓.▓!▓.▓.▓.▓!▓
,*,*,*,*,*,*,▓.▓p▓.▓.▓.▓.▓.▓?▓
,*,*,*,*,*,*,▓.▓l▓.▓.▓.▓.▓.▓)▓
,*,*,*,*,*,*+♣.▓.▓.▓.▓.▓.▓.▓[▓
,*,*,*,*,*,*,♣.▓H▓.▓∩▓.▓.▓.▓.▓
,*,*,*,*,*,*,♣.▓D▓.▓.▓.▓.▓.▓.▓
,*,*,*,*,*,*,♣.▓i▓.▓∩▓.▓.▓.▓.▓
+*,*,*,*,*,*,♣.▓h▓.▓.▓.▓.▓.▓.▓
,*,*,*,*,*,*,♣.▓.▓.▓∩▓.▓?▓.▓.▓


You could see a fire dragon, a death knight (reflects damage), a spriggan
berserker (regenerating, strong-willed), a manticore, a polar bear (summoned,
berserk) and a basilisk.

Vanquished Creatures
  A frost giant (D)
  An ettin (D)
  3 ogre magi (D)
  A boulder beetle (D)
  4 centaur warriors (D)
  A death yak (D)
  An occultist (D)
  An iron troll (D)
  5 deep trolls (D)
  3 orc sorcerers (D)
  2 orc knights (D)
  2 ugly things (D)
  A cyclops (D)
  Joseph (D)
  An elephant (D)
  A cane toad (D)
  4 komodo dragons (D)
  An efreet (D)
  5 trolls (D)
  A polar bear (D)
  3 yaks (D)
  2 basilisks (D)
  Grum (D)
  A steam dragon (D)
  3 wargs (D)
  2 water moccasins (D)
  2 hell hounds (D)
  11 orc warriors (D)
  2 black bears (D)
  6 wolves (D)
  A bullfrog (D)
  A scorpion (D)
  A hound (D)
  6 orc priests (D)
  An iguana (D)
  2 orc wizards (D)
  An adder (D)
  4 orcs (D)
  A ball python (D)
  3 goblins (D)
  A kobold (D)
  A quokka (D)
96 creatures vanquished.

Notes
Turn   | Place    | Note
-------+----------+-------------------------------------------
     0 | D        | Heoruswealwe the Minotaur Fighter began the quest for the
                  | Orb.
     0 | D        | Reached XP level 1. HP: 19/19 MP: 0/0
     5 | D        | Reached skill level 3 in Polearms
    22 | D        | Noticed a hound
    22 | D        | Noticed a scorpion
    22 | D        | Noticed an iguana
    27 | D        | Reached skill level 4 in Polearms
    29 | D        | Killed a hound
    30 | D        | Reached skill level 5 in Fighting
    30 | D        | Reached skill level 5 in Polearms
    30 | D        | Reached skill level 5 in Armour
    30 | D        | Reached XP level 2. HP: 25/29 MP: 1/1
    30 | D        | Reached XP level 3. HP: 31/36 MP: 2/2
    31 | D        | Killed a scorpion
    32 | D        | Reached skill level 7 in Polearms
    32 | D        | Reached XP level 4. HP: 29/45 MP: 3/3
    40 | D        | Reached skill level 8 in Polearms
    50 | D        | Found a snail-covered altar of Cheibriados.
    50 | D        | Found a shadowy altar of Dithmenos.
    50 | D        | Found a white marble altar of Elyvilon.
    50 | D        | Found a blossoming altar of Fedhas.
    50 | D        | Found an opulent altar of Gozag.
    51 | D        | Found a hazy altar of Hepliaklqana.
    52 | D        | Found a viscous altar of Jiyva.
    53 | D        | Found an ancient bone altar of Kikubaaqudgha.
    54 | D        | Found a corrupted altar of Lugonu.
    55 | D        | Found a burning altar of Makhleb.
    56 | D        | Found a sparkling altar of Nemelex Xobeh.
    57 | D        | Found an iron altar of Okawaru.
    58 | D        | Found a stormy altar of Qazlal.
    60 | D        | Became a worshipper of Gozag Ym Sagoz the Greedy
    62 | D        | Found a sacrificial altar of Ru.
    63 | D        | Found a shimmering blue altar of Sif Muna.
    64 | D        | Found a bloodstained altar of Trog.
    65 | D        | Found a hide-covered altar of Uskayaw.
    66 | D        | Found a radiant altar of Vehumet.
    67 | D        | Found an ornate altar of the Wu Jian Council.
    68 | D        | Found a shimmering altar of Xom.
    69 | D        | Found a basalt altar of Yredelemnul.
    70 | D        | Found a glowing silver altar of Zin.
    71 | D        | Found a glowing golden altar of the Shining One.
   128 | D        | Noticed a steam dragon
   128 | D        | Noticed an orc warrior
   128 | D        | Noticed a yak
   128 | D        | Noticed a troll
   128 | D        | Noticed a yak
   131 | D        | Reached skill level 9 in Polearms
   131 | D        | Reached XP level 5. HP: 47/52 MP: 4/4
   137 | D        | Killed a steam dragon
   138 | D        | Reached skill level 10 in Polearms
   138 | D        | Reached XP level 6. HP: 24/62 MP: 5/5
   152 | D        | Killed an orc warrior
   153 | D        | Reached skill level 12 in Polearms
   155 | D        | Killed a yak
   156 | D        | Reached XP level 7. HP: 18/71 MP: 6/6
   162 | D        | Killed a troll
   163 | D        | Reached skill level 10 in Fighting
   163 | D        | Reached skill level 13 in Polearms
   163 | D        | Reached skill level 10 in Armour
   167 | D        | Killed a yak
   168 | D        | Reached skill level 14 in Polearms
   261 | D        | Noticed a centaur warrior
   261 | D        | Noticed an efreet
   261 | D        | Noticed a centaur warrior
   261 | D        | Noticed a red ugly thing
   261 | D        | Noticed a brown ugly thing
   261 | D        | Noticed a centaur warrior
   265 | D        | Killed a centaur warrior
   266 | D        | Reached skill level 15 in Polearms
   266 | D        | Reached XP level 8. HP: 73/83 MP: 7/7
   276 | D        | Killed an efreet
   277 | D        | Reached skill level 16 in Polearms
   284 | D        | Killed a brown ugly thing
   285 | D        | Reached skill level 17 in Polearms
   285 | D        | Reached XP level 9. HP: 38/92 MP: 8/8
   289 | D        | Killed a brown ugly thing
   295 | D        | Killed a centaur warrior
   296 | D        | Reached skill level 18 in Polearms
   296 | D        | HP: 2/93 [centaur warrior/arrow (19)]
   301 | D        | HP: 2/93 [centaur warrior (3)]
   303 | D        | Killed a centaur warrior
   554 | D        | Noticed Joseph
   568 | D        | Killed Joseph
   569 | D        | Reached skill level 19 in Polearms
   752 | D        | Noticed a komodo dragon
   752 | D        | Noticed a cane toad
   752 | D        | Noticed an elephant
   754 | D        | Killed a komodo dragon
   755 | D        | Reached XP level 10. HP: 95/104 MP: 9/9
   771 | D        | Killed a cane toad
   776 | D        | Reached skill level 20 in Polearms
   781 | D        | Killed an elephant
   782 | D        | Reached skill level 15 in Fighting
   782 | D        | Reached skill level 15 in Armour
   933 | D        | Noticed a death yak
   952 | D        | Killed a death yak
   953 | D        | Reached skill level 21 in Polearms
   974 | D        | Noticed a boulder beetle
   985 | D        | Killed a boulder beetle
   986 | D        | Reached XP level 11. HP: 76/115 MP: 10/10
  1093 | D        | Reached skill level 22 in Polearms
  1248 | D        | Noticed Grum
  1257 | D        | Killed Grum
  1453 | D        | Noticed an orc sorcerer
  1462 | D        | Noticed an orc sorcerer
  1473 | D        | Noticed an orc knight
  1481 | D        | Noticed an orc sorcerer
  1482 | D        | Killed an orc sorcerer
  1488 | D        | Killed an orc sorcerer
  1489 | D        | Reached skill level 23 in Polearms
  1492 | D        | Killed an orc knight
  1497 | D        | Killed an orc sorcerer
  1701 | D        | Found Gauk's Antique Weapon Emporium.
  1701 | D        | Noticed an iron troll
  1701 | D        | Noticed a deep troll
  1701 | D        | Noticed an ettin
  1701 | D        | Noticed an ogre mage
  1701 | D        | Noticed a deep troll
  1703 | D        | Noticed an ogre mage
  1708 | D        | Killed an iron troll
  1713 | D        | Killed a deep troll
  1717 | D        | Killed an ettin
  1718 | D        | Reached skill level 24 in Polearms
  1725 | D        | Killed an ogre mage
  1732 | D        | Noticed a deep troll
  1736 | D        | Killed a deep troll
  1742 | D        | Killed an ogre mage
  1753 | D        | Killed a deep troll
  1754 | D        | Reached XP level 12. HP: 31/128 MP: 11/11
  1757 | D        | Reached skill level 25 in Polearms
  1990 | D        | Found Hioqumub's Book Shoppe.
  1996 | D        | Found Coriemarr's Antique Armour Emporium.
  2000 | D        | Found Xissirei's Jewellery Shoppe.
  2086 | D        | Bought the +7 Kryia's mail coat {PotionHeal*2 rC+} for 1320
                  | gold pieces
  2086 | D        | Found the +7 Kryia's mail coat {PotionHeal*2 rC+}
  2086 | D        | Bought a glowing scarf for 176 gold pieces
  2088 | D        | Bought an amulet of regeneration for 330 gold pieces
  2119 | D        | Bought a wand of flame (7) for 49 gold pieces
  2119 | D        | Bought a potion of mutation for 80 gold pieces
  2119 | D        | Bought a scroll of revelation for 75 gold pieces
  2119 | D        | Bought a potion of degeneration for 10 gold pieces
  2122 | D        | Bought the +9 sword of Power {lifebolt} for 1040 gold
                  | pieces
  2122 | D        | Found the +9 sword of Power {lifebolt}
  2127 | D        | Bought the +8 longbow "Zephyr" {speed, Dex+3 SInv} for 2541
                  | gold pieces
  2127 | D        | Found the +8 longbow "Zephyr" {speed, Dex+3 SInv}
  2151 | D        | Noticed an ogre mage
  2151 | D        | Noticed a centaur warrior
  2151 | D        | Noticed a death knight
  2152 | D        | Noticed a fire dragon
  2385 | D        | Killed an ogre mage
  2401 | D        | Noticed a frost giant
  2404 | D        | Killed a centaur warrior
  2405 | D        | Reached skill level 26 in Polearms
  2432 | D        | Killed a frost giant
  2439 | D        | Killed by mirror damage

Illustrated notes

Levels and vault maps discovered:
D:        linesprint [early_d, line_temple, items_1, d_10, items_2, lair_1,
          lair_end, items_3, orc_1, orc_end, items_4, d_15, swamp_1, shoals_1,
          snake_1, spider_1, d_20, vaults_1, items_5, swamp_end, shoals_end,
          snake_end, spider_end, vaults_end, d_27, items_6, zot_1, zot_end,
          crypt_end, forest_end, elf_end, slime_end, tomb_end, abyss_end,
          pan_hell_end]

Skill      XL: |  1  2  3  4  5  6  7  8  9 10 11 12 |
---------------+-------------------------------------+-----
Polearms       | 5 7 9 10 12 15 17 19 21 24 26 | 26.2
Fighting       | 5 6 7 8 9 11 12 14 16 18 19 | 19.6
Armour         | 5 6 7 8 9 11 12 14 16 18 19 | 19.6
Shields        | |  3.6

Action                     |  1- 3 |  4- 6 |  7- 9 | 10-12 || total
---------------------------+-------+-------+-------+-------++-------
  Melee: Trident           |    21 |    10 |       |       ||    31
         Headbutt          |     1 |     3 |    12 |    75 ||    91
         Halberd           |       |    23 |    58 |   316 ||   397
 Invoke: Call Merchant     |       |       |       |     3 ||     3
    Use: Potion            |       |     2 |     3 |    12 ||    17
         Scroll            |       |       |       |     1 ||     1
   Stab: Distracted        |       |       |       |     4 ||     4
 Armour: Scale mail        |    11 |     5 |       |       ||    16
         Plate armour      |       |    24 |    55 |   161 ||   240
         Storm dragon scal |       |       |       |    33 ||    33
  Dodge: Dodged            |     7 |    13 |    13 |    90 ||   123
  Block: Buckler           |     4 |     1 |       |       ||     5
